AoeStats
← AiM | CyclopsTron

Arabia

503725231Analyzed
3v3 RM · 1mo ago on Sep 2, 2026· 19m 58s· 6 players
Game mode
Random Map
Map size
Normal (6 player)
Population
200
Speed
Normal
Resources
Standard
Victory
Conquest
Starting age
Dark Age
Ending age
Imperial Age
RankedLock teamsTeams togetherTeam positionsShared explorationLock speedFull tech treeHidden civsTurbo modeCheats
Victory
Defeat
🇲🇽 Maya · Mexico
1616
+12
🇲🇽 Chinese · Mexico
1592
+13
🇵🇪 Georgians · Peru
1508
+17
🇧🇷 Britons · Brazil
1606
-18
🇧🇷 Ethiopians · Brazil
1512
-13
🇧🇷 Wei · Brazil
1485
-12
rick rush
4:49 Loom
11:53 Feudal Age
13:24 Fletching
NJ Saladino
6:20 Loom
9:15 Feudal Age
9:52 Double-Bit Axe
13:15 Horse Collar
GAX | Ry4n
6:35 Loom
9:09 Feudal Age
9:37 Double-Bit Axe
15:22 Fletching
19:36 Wheelbarrow
19:41 Padded Archer Armor
AiM | CyclopsTron
0:28 Loom
9:58 Feudal Age
10:32 Double-Bit Axe
12:50 Fletching
16:10 Padded Archer Armor
19:13 Town Watch
19:33 Horse Collar
Trebuchet_Andino
5:24 Loom
8:19 Feudal Age
9:36 Double-Bit Axe
11:02 Horse Collar
17:52 Wheelbarrow
18:07 Forging
18:50 Scale Barding Armor
19:33 Bloodlines
Ux'Cucurella
0:26 Loom
9:40 Feudal Age
10:42 Double-Bit Axe
11:14 Fletching
17:15 Padded Archer Armor
17:57 Town Watch
22:33 Castle Age
Connection lost

Rejoining the realm…

Still unreachable

The connection could not be restored.

Session expired

The server has moved on; the page needs a fresh start.